AoeStats
← BirdmanTim

Oasis

509717120Analyzed
2v2 RM · 6d ago on Sep 27, 2026· 55m 3s· 4 players
Game mode
Random Map
Map size
Medium (4 player)
Population
200
Speed
Normal
Resources
Standard
Victory
Conquest
Starting age
Dark Age
Ending age
Imperial Age
RankedLock teamsTeams togetherTeam positionsShared explorationLock speedFull tech treeHidden civsTurbo modeCheats
Victory
Defeat
🇺🇸 Romans · United States
539
+18
🇺🇸 Portuguese · United States
539
+19
🇩🇪 Persians · Germany
614
-19
🇨🇿 Khmer · Czechia
574
-18
I hate snigkers
12:21 Feudal Age
12:57 Double-Bit Axe
28:57 Castle Age
29:08 Man-at-Arms
29:13 Pikeman
30:55 Wheelbarrow
30:18 Stone Mining
39:53 Hand Cart
39:30 Gold Mining
41:53 Tusk Swords
43:00 Bow Saw
48:35 Imperial Age
47:27 Crossbowman
48:02 Long Swordsman
copopops
11:38 Feudal Age
13:51 Double-Bit Axe
21:01 Fletching
25:22 Padded Archer Armor
25:54 Town Watch
29:45 Castle Age
27:29 Horse Collar
28:29 Forging
29:33 Scale Barding Armor
30:22 Bloodlines
32:58 Husbandry
34:06 Bow Saw
38:02 Elite Skirmisher
42:06 Thumb Ring
46:07 Imperial Age
44:24 Ballistics
44:47 Kamandaran
44:22 Crossbowman
46:21 Iron Casting
46:02 Leather Archer Armor
46:47 Conscription
48:14 Cavalier
50:07 Parthian Tactics
54:33 Bodkin Arrow
55:41 Blast Furnace
55:28 Wheelbarrow
C_Rich_Icebourg
14:56 Feudal Age
17:00 Feudal Age
21:06 Wheelbarrow
20:22 Town Watch
20:27 Man-at-Arms
21:32 Scale Mail Armor
24:48 Horse Collar
28:04 Castle Age
29:09 Double-Bit Axe
29:26 Gold Mining
31:16 Heavy Plow
32:43 Hand Cart
32:24 Loom
33:29 Bow Saw
33:04 Long Swordsman
33:34 Gambesons
35:46 Stone Mining
35:29 Elite Skirmisher
37:26 Caravan
37:56 Chain Mail Armor
37:42 Fletching
40:48 Pikeman
44:32 Stone Shaft Mining
44:13 Town Patrol
48:23 Imperial Age
49:08 Elite Organ Gun
54:27 Chemistry
53:20 Heated Shot
53:48 Masonry
54:10 Ballistics
54:58 Halberdier
BirdmanTim
7:36 Loom
10:14 Feudal Age
10:23 Man-at-Arms
11:46 Scale Mail Armor
11:56 Horse Collar
15:02 Double-Bit Axe
17:14 Forging
25:08 Castle Age
25:07 Padded Archer Armor
25:00 Fletching
25:13 Padded Archer Armor
27:04 Squires
26:40 Elite Skirmisher
27:05 Long Swordsman
28:03 Chain Mail Armor
28:50 Gold Mining
29:03 Heavy Plow
29:15 Bow Saw
37:37 Imperial Age
36:13 Ballistics
37:24 Pikeman
38:55 Stone Mining
40:54 Wheelbarrow
43:22 Hand Cart
43:44 Halberdier
44:37 Town Watch
48:18 Comitatenses
48:22 Conscription
51:33 Legionary
Connection lost

Rejoining the realm…

Still unreachable

The connection could not be restored.

Session expired

The server has moved on; the page needs a fresh start.